 Dungeon Crawl Stone Soup version 0.24-a0-235-g3f03afc (webtiles) character file.

Game seed: 17367318067583176482

431 Hylith the Shield-Bearer (level 6, -4/56 HPs)
             Began as a Minotaur Fighter on Apr 7, 2019.
             Slain by an ogre
             ... wielding a +0 giant club
              (20 damage)
             ... on level 4 of the Dungeon.
             The game lasted 00:07:38 (3045 turns).

Hylith the Shield-Bearer (Minotaur Fighter)         Turns: 3045, Time: 00:07:39

Health: -4/56      AC:  6    Str: 22    XL:     6   Next: 66%
Magic:  5/5        EV:  9    Int:  5    God:
Gold:   120        SH: 10    Dex: 10    Spells: 5/5 levels left

rFire    . . .     SeeInvis .   a - +0 flail
rCold    . . .     Gourm    .   c - +0 shield
rNeg     . . .     Faith    .   w - +3 leather armour
rPois    .         Spirit   .   (helmet restricted)
rElec    .         Reflect  .   (no cloak)
rCorr    .         Harm     .   (no gloves)
MR       .....                  (no boots)
Stlth    +.........             (no amulet)
HPRegen  0.18/turn              (no ring)
MPRegen  0.09/turn              (no ring)

@: no status effects
A: retaliatory headbutt, horns 2
a: no special abilities


You were on level 4 of the Dungeon.
You were not hungry.

You visited 1 branch of the dungeon, and saw 4 of its levels.

You collected 120 gold pieces.

Inventory:

Hand Weapons
 a - a +0 flail (weapon)
Missiles
 h - 2 javelins
 i - 2 tomahawks
 k - 103 stones
 o - 7 silver javelins
 u - 4 poisoned javelins (quivered)
Armour
 b - a +0 scale mail
 c - a +0 shield (worn)
 w - a +3 leather armour (worn)
Wands
 t - a wand of iceblast (5)
Scrolls
 e - 3 scrolls of remove curse
 g - 2 scrolls of teleportation {unknown}
 j - a scroll of immolation {unknown}
 r - a scroll of fear {unknown}
Potions
 d - 2 potions of might
 l - a potion of agility {unknown}
 m - a potion of mutation
 n - a potion of cancellation {unknown}
 p - a potion of curing {unknown}
 q - a potion of berserk rage {unknown}
 s - a potion of haste {unknown}
Comestibles
 f - 5 rations
 v - a chunk of flesh


   Skills:
 * Level 5.4 Fighting
 * Level 5.3 Maces & Flails
 + Level 0.1 Throwing
 + Level 4.7 Armour
 * Level 5.8 Shields


You had 5 spell levels left.
You didn't know any spells.
Your spell library was empty.

Dungeon Overview and Level Annotations

Branches:
Dungeon (4/15)
 Temple: D:4-7

Altars:
Fedhas
Hepliaklqana
Nemelex Xobeh
Ru
Sif Muna
Wu Jian
The Shining One

Annotations:
D:3 3 runed translucent doors, Ijustatesigmund's ghost, amateur OpFi; Northaan's ghost, amateur KoSk; VLARC's ghost, amateur VSWz


Innate Abilities, Weirdness & Mutations

You reflexively headbutt those who attack you in melee.
You have a pair of horns on your head.


Message History

You hear some strange, mumbled words.
A magic dart appears from out of thin air!
The magic dart hits you but does no damage.
You thump something!
Reactivating autopickup.
You feel a bit more experienced.
You thump the orc!
You kill the orc!
You hit the ogre but do no damage. The ogre hits you with a +0 giant club!
You barely miss the ogre. The ogre hits you with a +0 giant club!
* * * LOW HITPOINT WARNING * * *
You closely miss the ogre. You headbutt the ogre.
The ogre is lightly wounded.
You hit the ogre. You headbutt the ogre!
The ogre is severely wounded.
You block the ogre's attack.
You hit the ogre. Your headbutt misses the ogre.
The ogre is severely wounded.
The ogre hits you with a +0 giant club!!
You die...

#.#### #### ### #.## ##..###
##.#### #..# #.....##
#.....#####..# ##......###
##.......##..# #.........#
##..........# #..........
##.........# #..........
####......# #..........
########@..####..........
#(..>.)O#.....#..........
..((...#######................
o###### ##.......#.......
#........##.....
#.........###...
#..........##...
#..........##...
#...............


You could see an ogre.

Vanquished Creatures
  An orc warrior (D:4)
  An ogre (D:4)
  Crazy Yiuf (D:2)
  2 orc wizards (D:4)
  A worker ant (D:4)
  Terence (D:3)
  A hound skeleton (D:4)
  2 adders
  2 oozes
  3 dart slugs (D:1)
  2 leopard geckos (D:1)
  3 orcs (D:4)
  6 bats
  11 goblins
  7 hobgoblins
  11 jackals
  2 quokkas
  A frilled lizard (D:3)
  3 giant cockroaches
  8 kobolds
  3 rats
72 creatures vanquished.

Notes
Turn   | Place    | Note
-------+----------+-------------------------------------------
     0 | D:1      | Hylith the Minotaur Fighter began the quest for the Orb.
     0 | D:1      | Reached XP level 1. HP: 19/19 MP: 0/0
   114 | D:1      | Reached XP level 2. HP: 21/27 MP: 1/1
   332 | D:1      | Reached XP level 3. HP: 24/33 MP: 2/2
   894 | D:2      | Found a sparkling altar of Nemelex Xobeh.
  1093 | D:2      | Found a glowing golden altar of the Shining One.
  1094 | D:2      | Found an ornate altar of the Wu Jian Council.
  1141 | D:2      | Found a runed translucent door.
  1142 | D:2      | Noticed Crazy Yiuf
  1274 | D:2      | Killed Crazy Yiuf
  1274 | D:2      | Reached XP level 4. HP: 17/41 MP: 3/3
  1308 | D:2      | HP: 2/41 [poisoned by Crazy Yiuf]
  1796 | D:2      | Found a deep blue altar of Sif Muna.
  1845 | D:3      | Noticed Terence
  1849 | D:3      | Killed Terence
  2004 | D:3      | Found a runed translucent gate.
  2022 | D:3      | Found a runed translucent gate.
  2022 | D:3      | Found a runed translucent gate.
  2023 | D:3      | Noticed Northaan's ghost (amateur KoSk)
  2024 | D:3      | Noticed VLARC's ghost (amateur VSWz)
  2024 | D:3      | Noticed Ijustatesigmund's ghost (amateur OpFi)
  2032 | D:3      | Found a sacrificial altar of Ru.
  2049 | D:3      | Found a blossoming altar of Fedhas.
  2345 | D:3      | Reached XP level 5. HP: 47/47 MP: 4/4
  2578 | D:3      | Found a hazy altar of Hepliaklqana.
  2785 | D:4      | Noticed an ogre
  2803 | D:4      | Killed an ogre
  2803 | D:4      | Reached skill level 5 in Shields
  2842 | D:4      | Reached XP level 6. HP: 47/55 MP: 5/5
  3006 | D:4      | Noticed an orc warrior
  3019 | D:4      | Killed an orc warrior
  3019 | D:4      | Reached skill level 5 in Fighting
  3019 | D:4      | Reached skill level 5 in Maces & Flails
  3045 | D:4      | Slain by an ogre

Levels and vault maps discovered:
D:1:      noname_arrival_rooms_in_the_neighbourhood, layout_basic,
          minmay_misc_feat_ornament
D:2:      layout_rooms, gammafunk_temple_overflow_pools,
          nemelex_xobeh_ov_fountains_minmay, lemuel_coloured_pillars_altar,
          uniq_crazy_yiuf_cottage
D:3:      layout_loops_cross, overflow_temple_1_default, fedhas_altar_3,
          lemuel_doored_altar, gammafunk_ghost_cemetery, uniq_terence
D:4:      layout_cave_pods, kennysheep_mini_moat, serial_glass, glass_columns_c,
          glass_columns_a, first_ration

Skill      XL: |  1  2  3  4  5  6 |
---------------+-------------------+-----
Fighting       | 4 5 |  5.4
Shields        | 4 5 |  5.8
Maces & Flails | 3 4 5 |  5.3
Armour         | 4 |  4.7
Throwing       | |  0.1

Action                   |  1- 3 |  4- 6 || total
-------------------------+-------+-------++-------
Melee: Flail             |   100 |   102 ||   202
       Headbutt          |    16 |    16 ||    32
       Whip              |    23 |       ||    23
Throw: Javelin           |       |     3 ||     3
       Stone             |       |     1 ||     1
  Use: Scroll            |     3 |       ||     3
  Eat: Chunk             |     1 |     6 ||     7
Armor: Scale mail        |    41 |    26 ||    67
       Leather armour    |       |    15 ||    15
Dodge: Dodged            |    43 |    38 ||    81
Block: Shield            |    58 |    62 ||   120

Table legend:
 A = Non-vault XP
 B = Vault XP
 C = Vault XP percentage of total XP
 D = Non-vault monster count
 E = Vault monster count
 F = Vault count percentage of total count
                 A         B        C        D         E       F
            +---------+---------+-------+---------+---------+-------
      Total |     545 |      71 |  11.5 |      70 |       2 |   2.8
            +---------+---------+-------+---------+---------+-------
        D:1 |      55 |       0 |   0.0 |      23 |       0 |   0.0
        D:2 |      44 |      41 |  48.2 |      16 |       1 |   5.9
        D:3 |      32 |      30 |  48.4 |      18 |       1 |   5.3
        D:4 |     414 |       0 |   0.0 |      13 |       0 |   0.0
            +---------+---------+-------+---------+---------+-------
